[Event "European FIDE World Cup Qualifier 2021"]
[White "Djurhuus, Rune"]
[Black "Potkin, Vladimir"]
[WhiteFideId "1500082"]
[BlackFideId "4131061"]
[WhiteElo "2413"]
[BlackElo "2578"]
[Result "1/2-1/2"]
[Round "01-02"]
[TimeControl "7200+30"]
[Date "Tue May 25 2021"]
[WhiteClock "0:36:49"]
[BlackClock "0:12:34"]

1. e4 c5 2. f4 d5 3. exd5 Qxd5 4. Nc3 Qd8 5. Nf3 Nf6 6. Ne5 e6 7. Bb5+ Nbd7 8. Qe2 Be7 9. b3 O-O 10. Bb2 Nd5 11. Nxd5 exd5 12. O-O-O d4 13. Bd3 Nxe5 14. fxe5 Be6 15. h4 Qd7 16. Rdf1 f5 17. exf6 Rxf6 18. Rxf6 Bxf6 19. Qh5 g6 20. Qxc5 Qd5 21. Qxd5 Bxd5 22. h5 Kg7 23. h6+ Kf7 24. Rf1 Ke6 25. Be2 Be5 26. Bg4+ Kd6 27. Ba3+ Kc6 28. Bf3 Rc8 29. Kd1 Bxf3+ 30. Rxf3 Kd5 31. Bb2 g5 32. c4+ dxc3 33. Bxc3 Bxc3 34. Rxc3 Rxc3 35. dxc3 Ke4 36. Ke2 Kf4 37. c4 a5 38. c5 Ke4 39. Kf2 Kd4 40. Kf3 Kc3 41. Kg4 Kb2 42. Kxg5 Kxa2 43. Kf4 Kxb3 44. g4 a4 45. g5 a3 46. g6 a2 47. g7 a1=Q 48. g8=Q+ Kb4 49. Qxh7 Qc1+ 50. Kf3 Qf1+ 51. Kg3 Qg1+ 52. Kf4 Qc1+ 53. Kg4 Qg1+ 54. Kh4 Qd4+ 55. Kg5 Qd8+ 56. Kf4 Qd2+ 57. Ke5 Qc3+ 58. Ke6 Qc4+ 59. Kd7 Qd5+ 60. Kc8 Qxc5+ 61. Kxb7 Qd5+ 62. Kc7 Qa5+ 63. Kd6 Qc5+ 64. Ke6 Qc6+ 65. Ke5 Qc5+ 66. Kf4 Qc1+ 67. Ke5 Qc5+ 68. Kf4 Qc1+ 69. Ke5 Qc5+ 1/2-1/2

[Event "Sarajevo Club Championship 2021"]
[White "Sitnic, Adnan"]
[Black "Hodzic, Nihad"]
[WhiteElo "2219"]
[BlackElo "2284"]
[Result "1/2-1/2"]
[Round "09"]
[TimeControl "900+5"]
[Date "2021.06.05"]
[WhiteClock "0:18:00"]
[BlackClock "0:22:24"]

1. e4 c5 2. f4 e6 3. Nf3 Be7 4. c3 d5 5. d3 Nc6 6. Be2 Nf6 7. e5 Ng4 8. Na3 Bd7 9. Nc2 O-O 10. O-O f6 11. d4 Qb6 12. h3 cxd4 13. cxd4 Nh6 14. g4 fxe5 15. fxe5 Nf7 16. Kg2 Nb4 17. Nce1 Bb5 18. Bxb5 Qxb5 19. a3 Nc6 20. Nd3 Rac8 21. b4 a5 22. a4 Qc4 23. Nf4 Ng5 24. Nxg5 Bxg5 25. Nxe6 Rxf1 26. Qxf1 Qxf1+ 27. Kxf1 Nxd4 28. Nxg5 Nb3 29. Rb1 Rxc1+ 30. Rxc1 Nxc1 31. bxa5 h6 32. Ne6 Nb3 33. Nc7 Nxa5 34. e6 Nc6 35. Nxd5 Nd4 36. e7 Kf7 37. Kf2 Nb3 38. Ke3 Nc5 39. Kd4 Nxa4 40. Ke5 Nc5 41. Kd6 Ne4+ 42. Kd7 Nc5+ 43. Kd8 Ne6+ 1/2-1/2

[Event "Famalicao Chess Tournament 2021"]
[White "Campora, Daniel H."]
[Black "Martins, Diogo Faria Oliveira"]
[WhiteFideId "100013"]
[BlackFideId "1926934"]
[WhiteElo "2420"]
[BlackElo "2031"]
[Result "1-0"]
[Round "03"]
[TimeControl "5400+30"]
[Date "2021.07.31"]
[WhiteClock "0:00:00"]
[BlackClock "0:00:00"]

1. e4 c5 2. f4 g6 3. Nf3 Bg7 4. Nc3 Nc6 5. Bb5 Nd4 6. Bc4 d6 7. Nxd4 cxd4 8. Ne2 Nf6 9. Bb5+ Nd7 10. c3 dxc3 11. dxc3 Qb6 12. Qb3 O-O 13. Bxd7 Qxb3 14. axb3 Bxd7 15. Be3 a6 16. Ng3 f5 17. O-O Bc6 18. exf5 gxf5 19. Rfe1 e5 20. Rad1 Rad8 21. Rd2 Bh6 22. Rf2 Rd7 23. Bd2 e4 24. Be3 Bb5 25. Rd2 Bd3 26. Nh1 d5 27. Nf2 d4 28. cxd4 Bg7 29. Nxd3 exd3 30. Rxd3 Re8 31. Kf1 Re4 32. g3 Kf7 33. Red1 Ke6 34. d5+ Kd6 35. R1d2 Rc7 36. Kf2 Rc1 37. g4 fxg4 38. Re2 Rb1 39. Bc5+ Kxc5 40. Rxe4 Rxb2+ 41. Kg3 Bf8 42. d6 Bxd6 43. Rc4+ Kb5 44. Rd5+ Kb6 45. Rxd6+ Kb5 46. Rd5+ 1-0

[Event "European Women Chess Championship 2021"]
[White "Lehaci, Miruna-Daria"]
[Black "Nastase, Andreea-Cristina"]
[WhiteFideId "1234765"]
[BlackFideId "1221183"]
[WhiteElo "2267"]
[BlackElo "2074"]
[Result "1-0"]
[Round "04"]
[TimeControl "5400+30"]
[Date "2021.08.12"]
[WhiteClock "0:49:06"]
[BlackClock "0:37:48"]

1. e4 c5 2. f4 d6 3. Nf3 Nc6 4. Bb5 Bg4 5. h3 Bd7 6. O-O e6 7. c4 Nd4 8. Nxd4 cxd4 9. Bxd7+ Qxd7 10. f5 e5 11. d3 g6 12. f6 h5 13. a3 Bh6 14. Bxh6 Rxh6 15. Qc1 Qe6 16. b4 Rh8 17. Qg5 h4 18. Ra2 Rh5 19. Qc1 b5 20. cxb5 Rc8 21. Rc2 Rxc2 22. Qxc2 Nxf6 23. Kh2 d5 24. Nd2 dxe4 25. dxe4 Nd7 26. Qc7 Qb6 27. Qc8+ Ke7 28. Nc4 Qb8 29. Qc6 f6 30. Qd5 Nb6 31. Qc6 Nd7 32. Qd5 Nb6 33. Qc5+ Kf7 34. Qc6 Qd8 35. Nd6+ Kg8 36. Ne8 Kh8 37. Nxf6 Rg5 38. Qb7 Rh5 39. Nxh5 gxh5 40. Qf7 1-0

[Event "European Women Chess Championship 2021"]
[White "Lehaci, Miruna-Daria"]
[Black "Nilssen, Ellen Fredericia"]
[WhiteFideId "1234765"]
[BlackFideId "1441230"]
[WhiteElo "2267"]
[BlackElo "2081"]
[Result "0-1"]
[Round "06"]
[TimeControl "5400+30"]
[Date "2021.08.14"]
[WhiteClock "0:14:33"]
[BlackClock "0:32:25"]

1. e4 c5 2. f4 d6 3. Nf3 g6 4. g3 Bg7 5. Bg2 e6 6. O-O Ne7 7. c3 O-O 8. Kh1 b6 9. Na3 Bb7 10. Qe2 Nbc6 11. Nc2 Qd7 12. Re1 Rfd8 13. d4 Rac8 14. b3 Rc7 15. Bb2 cxd4 16. cxd4 Rdc8 17. Rac1 Nb8 18. Red1 a5 19. e5 Nd5 20. Ng5 Rxc2 21. Rxc2 Rxc2 22. Rd2 Rxd2 23. Qxd2 dxe5 24. fxe5 Nb4 0-1

[Event "European Senior Team Championship 65+ 2021"]
[White "Becvar, Miroslav"]
[Black "Postler, Reinhard"]
[WhiteFideId "393592"]
[BlackFideId "4611608"]
[WhiteElo "1863"]
[BlackElo "2250"]
[Result "1/2-1/2"]
[Round "01"]
[TimeControl "5400+30"]
[Date "2021.08.30"]
[WhiteClock "0:28:38"]
[BlackClock "0:17:17"]

1. e4 c5 2. f4 e6 3. Nf3 Nc6 4. Bb5 Nge7 5. c3 a6 6. Ba4 b5 7. Bc2 d5 8. d4 cxd4 9. Nxd4 Nxd4 10. Qxd4 Nc6 11. Qf2 Be7 12. O-O dxe4 13. Bxe4 Bb7 14. Be3 O-O 15. Nd2 Qc8 16. Rad1 f5 17. Bc2 Na5 18. Bd4 Bd5 19. Bb1 Nc4 20. Nb3 Qc6 21. Rfe1 Rae8 22. Re2 a5 23. Rde1 a4 24. Nc5 Bf6 25. Nd3 Bxd4 26. Qxd4 Rd8 27. Nb4 1/2-1/2

[Event "FIDE Online Chess Olympiad Division 2 Pool C 2021"]
[White "Gjergji, Rozana"]
[Black "Shvayger, Yuliya"]
[WhiteFideId "4700147"]
[BlackFideId "14100126"]
[WhiteElo "1928"]
[BlackElo "2260"]
[Result "0-1"]
[Round "02"]
[TimeControl "900+5"]
[Date "2021.09.02"]
[WhiteClock "0:05:50"]
[BlackClock "0:07:20"]

1. e4 c5 2. f4 Nc6 3. Nf3 g6 4. c3 d5 5. e5 Bg7 6. d4 cxd4 7. Nxd4 h5 8. Na3 Nh6 9. Nac2 O-O 10. Ne3 Nxd4 11. Qxd4 Nf5 12. Nxf5 Bxf5 13. b3 Be4 14. Ba3 f6 15. Qb4 fxe5 16. Qxe7 Qc8 17. c4 exf4 18. Rc1 Qg4 19. Qxb7 Rfe8 20. Kd2 dxc4 21. Bxc4+ Kh8 22. Qc7 Rad8+ 0-1

[Event "European Senior Team Championship 50+ 2021"]
[White "Hubeny, Pavel"]
[Black "Sorm, Daniel"]
[WhiteFideId "340995"]
[BlackFideId "5400139"]
[WhiteElo "1763"]
[BlackElo "2350"]
[Result "0-1"]
[Round "03"]
[TimeControl "5400+30"]
[Date "2021.09.01"]
[WhiteClock "1:25:16"]
[BlackClock "0:29:13"]

1. e4 c5 2. f4 d5 3. e5 Nc6 4. Nf3 Bf5 5. Bb5 Qb6 6. Bxc6+ Qxc6 7. d3 e6 8. O-O Ne7 9. Be3 d4 10. Bf2 Nd5 11. g3 Be7 12. Nbd2 h6 13. Qe2 a5 14. a4 g5 15. fxg5 hxg5 16. Ne4 Bg4 17. Ned2 O-O-O 18. Qe4 Bf5 19. Qe2 g4 20. Ne1 Rxh2 21. Ne4 Rdh8 22. Nf3 gxf3 23. Qxf3 Rh1+ 24. Qxh1 Rxh1+ 25. Kxh1 Bxe4+ 26. dxe4 Ne3 0-1

[Event "FIDE Online Chess Olympiad Division 2 Pool A 2021"]
[White "Zeng, Chongsheng"]
[Black "Catinbootsnow"]
[WhiteFideId "8603847"]
[WhiteElo "2499"]
[BlackElo "2475"]
[Result "1-0"]
[Round "01"]
[TimeControl "900+5"]
[Date "2021.09.01"]
[WhiteClock "0:13:05"]
[BlackClock "0:11:06"]

1. e4 c5 2. f4 d5 3. d3 Nc6 4. Nc3 d4 5. Nce2 e5 6. Nf3 exf4 7. Nxf4 Bd6 8. g3 h5 9. Nd5 h4 10. gxh4 Bg4 11. Bg5 Nge7 12. Rg1 Bh5 13. Be2 f6 14. Bxf6 gxf6 15. Nxf6+ Kf8 16. Ng5 Qa5+ 17. c3 Bxe2 18. Qb3 Bh5 19. Nxh5 c4 20. Qxc4 Ne5 21. Rf1+ 1-0

[Event "European Senior Team Championship 50+ 2021"]
[White "Hubeny, Pavel"]
[Black "Papacek, Stepan"]
[WhiteFideId "340995"]
[BlackFideId "301035"]
[WhiteElo "1738"]
[BlackElo "2256"]
[Result "0-1"]
[Round "08"]
[TimeControl "5400+30"]
[Date "2021.09.06"]
[WhiteClock "1:29:52"]
[BlackClock "0:29:17"]

1. e4 c5 2. f4 d5 3. exd5 Nf6 4. Bb5+ Nbd7 5. Nc3 a6 6. Bxd7+ Bxd7 7. Nf3 b5 8. d3 b4 9. Ne4 Nxd5 10. O-O e6 11. Qe1 Be7 12. Be3 Rc8 13. Kh1 O-O 14. Nfd2 f5 15. Ng3 Rf6 16. Nc4 Rh6 17. Qf2 Bc6 18. Rae1 Nf6 19. Ne5 Bb7 20. Qe2 Bd6 21. Bg1 Bxe5 22. Qxe5 Ng4 23. Qe2 Nxh2 24. Nxf5 exf5 25. Bxh2 Qh4 26. Qe6+ Rxe6 27. Rxe6 Rc6 28. Re2 Rh6 0-1

[Event "Black Sea Grand Prix Amaks Resort Blitz 2021"]
[White "Aleksandrov, Danila"]
[Black "Gochelashvili, David"]
[WhiteFideId "4133650"]
[BlackFideId "4161203"]
[WhiteElo "2086"]
[BlackElo "2332"]
[Result "0-1"]
[Round "05"]
[TimeControl "300+2"]
[Date "2021.09.09"]
[WhiteClock "0:00:57"]
[BlackClock "0:00:45"]

1. e4 c5 2. f4 Nc6 3. Nf3 g6 4. Bb5 Bg7 5. O-O Nd4 6. Nxd4 cxd4 7. Qf3 a6 8. Bc4 d6 9. f5 Nf6 10. g4 d5 11. Bxd5 gxf5 12. Bxf7+ Kxf7 13. g5 Nxe4 14. Qxe4 Rf8 15. d3 Kg8 16. Qh4 b5 17. g6 hxg6 18. Bg5 Qd5 19. Nd2 Bb7 20. Nf3 e5 21. Be7 Rf7 22. Rae1 Re8 23. Bb4 Bf6 24. Qg3 g5 25. Re2 g4 26. Nh4 f4 27. Rxf4 Qh1+ 28. Kf2 Bxh4 0-1

[Event "First Serbian Women's League 2021"]
[White "Manakova, Maria"]
[Black "Rakic Vulicevic, Marija"]
[WhiteFideId "927007"]
[BlackFideId "936286"]
[WhiteElo "2250"]
[BlackElo "2314"]
[Result "1-0"]
[Round "01"]
[TimeControl "5400+30"]
[Date "2021.09.07"]
[WhiteClock "0:03:43"]
[BlackClock "0:02:28"]

1. e4 c5 2. f4 g6 3. Bc4 Bg7 4. Nf3 Nc6 5. c3 e6 6. e5 d5 7. Bb3 Nh6 8. d4 Nf5 9. Na3 Bf8 10. Nc2 h5 11. Ne3 Nh4 12. O-O Nxf3+ 13. Rxf3 Bd7 14. dxc5 Bxc5 15. Kh1 Ne7 16. Rh3 Bc6 17. Ng4 Ng8 18. Be3 Qb6 19. Bxc5 Qxc5 20. Qd4 b6 21. Bd1 a5 22. Be2 Kf8 23. Qd2 a4 24. Rd1 Kg7 25. Ne3 Bb5 26. Bxb5 Qxb5 27. f5 Nh6 28. f6+ Kg8 29. Rh4 Qc5 30. a3 Qc7 31. Qd4 Ra5 32. Kg1 Rc5 33. Qf4 Rb5 34. Rxh5 gxh5 35. Qg5+ Kf8 36. Qg7+ Ke8 37. Qxh8+ Kd7 38. Qxh6 Rxb2 39. Qxh5 Kc8 40. Qg5 Kb7 41. Rd3 Rb3 42. h4 Rxa3 43. Nd1 Ra1 44. Qe3 a3 45. Qd4 a2 46. Rd2 Qc6 47. Rb2 Kc7 48. Kh2 Qc5 49. Qxc5+ bxc5 50. h5 d4 51. cxd4 c4 52. h6 Rxd1 53. Rxa2 Rxd4 54. Kg3 Kb6 55. Ra8 Rd1 56. h7 1-0

[Event "Black Sea Grand Prix Pantikapei 2021"]
[White "Bolikov, Nicolai"]
[Black "Potapova, Margarita"]
[WhiteFideId "24270059"]
[BlackFideId "14126869"]
[WhiteElo "1696"]
[BlackElo "2214"]
[Result "0-1"]
[Round "01"]
[TimeControl "300+2"]
[Date "2021.09.12"]
[WhiteClock "0:26:37"]
[BlackClock "0:07:54"]

1. e4 c5 2. f4 d5 3. exd5 Nf6 4. Bb5+ Nbd7 5. c4 g6 6. Nf3 Bg7 7. Ne5 O-O 8. O-O Nxe5 9. fxe5 Ng4 10. d4 cxd4 11. e6 Ne5 12. exf7+ Kh8 13. Bf4 a6 14. Bxe5 Bxe5 15. Qe2 Qc7 16. Be8 d3 17. Qxd3 Bxb2 18. Nd2 Bxa1 19. Rxa1 Qe5 20. Rc1 Bf5 21. Qc3 Qxc3 22. Rxc3 Rd8 23. Rb3 b5 24. cxb5 axb5 25. Rxb5 Bd7 26. Bxd7 Rxd7 27. Nc4 Kg7 28. h3 Rfd8 29. Nb6 Rc7 30. a4 Rc2 31. a5 Ra2 32. Nc4 Kxf7 33. Ne5+ Kf6 34. Nc6 Rd7 35. Rb6 Rd6 36. a6 h5 37. a7 Rxa7 38. Rb8 Ra1+ 39. Kh2 Rxd5 40. Rf8+ Ke6 41. Nd8+ Kd7 42. Nf7 e6 43. Nh8 g5 44. Rg8 h4 45. Rg7+ Kc6 46. Rf7 Rdd1 47. g3 Ra2+ 0-1

[Event "Black Sea Grand Prix Pantikapei Rapid 2021"]
[White "Zhura, Sergei"]
[Black "Truskavetsky, Alexandr"]
[WhiteFideId "13518178"]
[BlackFideId "14108577"]
[WhiteElo "1608"]
[BlackElo "2317"]
[Result "1-0"]
[Round "01"]
[TimeControl "900+10"]
[Date "2021.09.21"]
[WhiteClock "0:03:18"]
[BlackClock "0:00:11"]

1. e4 c5 2. f4 d5 3. e5 Nc6 4. Nf3 Bg4 5. c3 d4 6. Bb5 Qd5 7. O-O e6 8. c4 Qd7 9. d3 Nge7 10. h3 Bxf3 11. Qxf3 h5 12. Nd2 h4 13. Ne4 Nf5 14. Bd2 Be7 15. a3 a6 16. Ba4 Rb8 17. Rab1 b5 18. cxb5 axb5 19. Bc2 O-O 20. Qg4 Rfd8 21. Nf6+ Bxf6 22. exf6 g6 23. Rbe1 Qd5 24. Qg5 Rd6 25. Bd1 c4 26. Bf3 Qc5 27. Be4 c3 28. bxc3 dxc3+ 29. Be3 Ncd4 30. Bxf5 Qxf5 31. Qxh4 Qxd3 32. g4 Nf5 33. gxf5 Qxf5 34. Bc1 Qc5+ 35. Rf2 Rd3 36. Qh6 Rg3+ 37. Kf1 Qf8 38. Qh4 Rd3 39. f5 exf5 40. Bh6 Rd4 1-0

[Event "Vera Menchik Memorial 2021"]
[White "Vojta, Tomas"]
[Black "Picek, Miroslav"]
[WhiteFideId "308781"]
[BlackFideId "325198"]
[WhiteElo "2395"]
[BlackElo "1863"]
[Result "1-0"]
[Round "01"]
[TimeControl "900+10"]
[Date "2021.09.28"]
[WhiteClock "0:04:36"]
[BlackClock "0:00:35"]

1. e4 c5 2. f4 d5 3. exd5 Qxd5 4. Nc3 Qd8 5. Nf3 Nc6 6. Ne5 Nxe5 7. fxe5 Bd7 8. Bc4 e6 9. O-O Bc6 10. d3 Qd4+ 11. Kh1 O-O-O 12. Qe2 Qd7 13. a4 Nh6 14. Bxh6 gxh6 15. Ne4 Bxe4 16. Qxe4 Bg7 17. a5 Kb8 18. a6 b6 19. Rf3 Rhf8 20. Raf1 Qc7 21. Re1 Rd4 22. Qxh7 Bxe5 23. Bxe6 f6 24. Qxc7+ Bxc7 25. Bc4 Bd8 26. g3 Kc7 27. Kg2 Kc6 28. Re6+ Kd7 29. Rfe3 Rf7 30. c3 Rg4 31. Rxb6 axb6 1-0